 Dungeon Crawl Stone Soup version 0.21-a0-111-g52d2817 (webtiles) character file.

17952 cerealjynx the Grappler (level 12, -14/144 HPs)
             Began as a Demonspawn Chaos Knight on July 12, 2017.
             Killed from afar by Gastronok the shard shrike (25 damage)
             ... with a shard of ice
             ... on level 1 of the Lair of Beasts.
             The game lasted 00:25:57 (13501 turns).

cerealjynx the Grappler (Demonspawn Chaos Knight)  Turns: 13501, Time: 00:25:57

Health: -14/144    AC: 29    Str: 20    XL:     12   Next: 23%
Magic:  9/9        EV:  2    Int: 11    God:    Xom [.....*]
Gold:   628        SH:  0    Dex: 18    Spells: 11/11 levels left

rFire    . . .     SeeInvis .     - Unarmed
rCold    . . .     Gourm    .   (no shield)
rNeg     + + +     Faith    .   (armour currently unavailable)
rPois    +         Spirit   .   (helmet currently unavailable)
rElec    .         Reflect  .   (cloak currently unavailable)
rCorr    .         Harm     .   (gloves currently unavailable)
MR       .....     NoTele   +   (boots currently unavailable)
Stlth    +++.......             F - amulet of regeneration
HPRegen  0.74/turn              L - +3 ring of protection
MPRegen  0.11/turn              H - ring of positive energy

@: agile, tree-form, very slightly contaminated, invisible
A: blurry vision 1, dopey 1, low mp 2, powered by death 1, powered by pain 1,
screaming 1, strong 1
a: Renounce Religion


You were on level 1 of the Lair of Beasts.
You worshipped Xom.
You were Xom's teddy bear.
You were hungry.
You were a tree.
You visited 2 branches of the dungeon, and saw 12 of its levels.
You also visited: Bailey.

You collected 628 gold pieces.

Inventory:

Hand Weapons
 x - a +2 shortbow of velocity
   (You took it off a centaur on level 10 of the Dungeon)
Missiles
 d - 287 stones (quivered)
 k - 4 tomahawks
 r - 8 javelins of penetration
 z - 272 arrows
 B - 22 poisoned needles
 O - 2 throwing nets
 Q - 6 curare-tipped needles
 S - 65 sling bullets
 Z - 71 bolts
Armour
 C - a +0 pair of boots (melded)
   (You found it on level 3 of the Dungeon)
 D - a +2 cloak (melded)
   (You took it off Crazy Yiuf on level 3 of the Dungeon)
 J - a +0 pair of gloves (melded)
   (You found it on level 4 of the Dungeon)
 P - a +0 plate armour of magic resistance (melded)
   (You took it off an orc warrior on level 4 of the Dungeon)
Jewellery
 o - an uncursed ring of flight
   (You found it on level 9 of the Dungeon)
 t - an uncursed ring of protection from fire
   (You found it on level 3 of the Dungeon)
 F - an amulet of regeneration (around neck)
   (You found it on level 8 of the Dungeon)
 H - a ring of positive energy (right branch)
   (You found it on level 10 of the Dungeon)
 L - a +3 ring of protection (left branch)
   (You found it on level 4 of the Dungeon)
 M - an uncursed ring of resist corrosion
   (You found it on level 4 of the Dungeon)
Wands
 i - a wand of scattershot (5/9)
   (Xom gifted it to you on level 11 of the Dungeon)
 q - a wand of confusion (16/48)
   (You took it off a wight on level 8 of the Dungeon)
 v - a wand of iceblast (8/15)
   (You found it on level 8 of the Dungeon)
 y - a wand of paralysis (5/24)
   (You found it on level 3 of the Dungeon)
 R - a wand of clouds (0/9)
   (Xom gifted it to you on level 11 of the Dungeon)
 W - a wand of iceblast (10/15)
   (You found it on level 7 of the Dungeon)
 X - a wand of scattershot (0/9)
   (Xom gifted it to you on level 7 of the Dungeon)
Scrolls
 e - 3 scrolls of enchant armour {unknown}
 g - 7 scrolls of remove curse {unknown}
 l - a scroll of immolation {unknown}
 m - 3 scrolls of noise {unknown}
 p - 9 scrolls of teleportation
 s - a scroll of silence
 A - 5 scrolls of recharging
 E - 2 scrolls of blinking
 I - a scroll of fear
 T - 3 scrolls of magic mapping {unknown}
 U - a scroll of enchant weapon
 V - 3 scrolls of amnesia
Potions
 c - a potion of lignification
 f - 3 potions of curing
 j - 3 potions of flight
 n - 3 potions of cancellation
 w - 3 potions of haste
 K - 2 potions of agility
 N - a potion of invisibility
 Y - a potion of magic
Miscellaneous
 a - a phial of floods (inert)
   (Xom gifted it to you on level 7 of the Dungeon)
Comestibles
 b - 17 bread rations
 h - 8 meat rations
 u - 4 royal jellies
 G - 5 fruits


   Skills:
 + Level 9.4 Fighting
 + Level 7.9 Armour
 + Level 8.0 Dodging
 * Level 12.7 Unarmed Combat


You had 11 spell levels left.
You didn't know any spells.

Dungeon Overview and Level Annotations

Branches:
Dungeon (11/15)            Temple (0/1) D:5            Lair (1/6) D:9
    Orc (0/2) D:11

Altars:
Ashenzari
Fedhas
Xom
The Shining One

Shops:
D:10 [   D:11 (

Annotations:
D:9 2 runed doors
Lair:1 Gastronok


Innate Abilities, Weirdness & Mutations

((You have very sharp fingernails.))
You regenerate a little health from kills.
You sometimes gain a little power by taking damage.
((When seriously injured, your bleeding wounds create armour. (AC +0)))
((You have a beak for a mouth.))
Scrolls take you a little longer to read.
You are dopey. (Int -2)
Your magical capacity is very low. (-20% MP)
You occasionally shout uncontrollably at your foes.
Your muscles are strong. (Str +2)


Message History

The bullfrog hits you but does no damage.
Your plate armour prevents you from hitting the bullfrog.
You peck the bullfrog, but do no damage.
The bullfrog is heavily wounded.
The bullfrog hits you but does no damage.
Your plate armour prevents you from hitting the bullfrog.
Your peck misses the bullfrog. Your punch misses the bullfrog.
The bullfrog is heavily wounded.
The bullfrog hits you but does no damage.
You punch the bullfrog!
The bullfrog is almost dead.
The bullfrog closely misses you.
Your plate armour prevents you from hitting the bullfrog.
Your peck misses the bullfrog.
The bullfrog is almost dead.
The bullfrog hits you but does no damage.
The bullfrog hits you.
You hit the bullfrog.
You kill the bullfrog!
No target in view!
d - 275 stones (gained 1)
You now have 628 gold pieces (gained 18).
u - 4 royal jellies (gained 1)
V - 3 scrolls of amnesia (gained 1)
E - 2 scrolls of blinking (gained 1)
f - 4 potions of curing (gained 1)
Found a stone staircase leading down.
d - 288 stones (gained 13)
Found a stone staircase leading down.
Found a stone staircase leading down.
Gastronok screeches!
Gastronok is too close now for your liking.
Gastronok is nearby!
You turn into a tree.
Your +2 cloak melds into your body.
Your +0 pair of gloves melds into your body.
Your +0 pair of boots melds into your body.
Your +0 plate armour of magic resistance melds into your body.
You feel less resistant to hostile enchantments.
Your roots penetrate the ground.
Gastronok claws you but does no damage.
You miss Gastronok. You punch Gastronok.
Gastronok is lightly wounded.
Gastronok claws you! Gastronok freezes you!!!
You focus on the pain.
You feel agile all of a sudden.
You hit Gastronok. Your punch misses Gastronok.
Gastronok is lightly wounded.
Gastronok claws you but does no damage.
Throwing (i - inventory. (,) - cycle):
d - 288 stones (quivered)
Press: ? - help, Shift-Dir - straight line, f - Gastronok
Aim: Gastronok the shard shrike (lightly wounded)
You throw a stone. The stone misses Gastronok.
Gastronok claws you! Gastronok freezes you!!!
* * * LOW HITPOINT WARNING * * *
Xom is highly amused!
Gastronok claws you but does no damage.
You are too injured to fight recklessly!
You are too injured to fight recklessly!
You are too injured to fight recklessly!
You are too injured to fight recklessly!
You closely miss Gastronok.
Gastronok claws you but does no damage. x2
You closely miss Gastronok. Gastronok spits a shard of ice at you.
The shard of ice hits you!
You die... "Oh, no, you don't!"
Xom revives you! Gastronok claws you but does no damage.
Unknown command.
You feel better.
Gastronok screeches!
Gastronok claws you but does no damage.
You cannot teleport because you are held in place by your roots.
Unknown command.
You fade into invisibility!
Gastronok claws you but does no damage.
You are very lightly contaminated with residual magic.
You feel more agile all of a sudden. Gastronok claws you but does no damage.
Evoke which item? (* to show all) (? for menu, Esc to quit)
Aiming: Cloud Cone (will waste charges)
Press: ? - help, Dir - move target cursor, f/p - Gastronok
Aim: Gastronok the shard shrike You create a blast of flame!
Evoking this partially-identified wand wasted a few charges.
Gastronok is engulfed in blazing flames.
Gastronok spits a shard of ice at you.
Helpless, you fail to dodge the shard of ice.
* * * LOW HITPOINT WARNING * * *
Gastronok is engulfed in blazing flames. x2
Gastronok claws you but does no damage.
You smack Gastronok!
Gastronok is lightly wounded.
Gastronok is engulfed in blazing flames.
Gastronok claws you but does no damage.
Gastronok is engulfed in blazing flames.
You start resting.
Gastronok is engulfed in blazing flames.
Gastronok spits a shard of ice at you. The shard of ice hits you!
You die...
Xom laughs nastily!

...##.. .# ...##.. #.
.... ...##.. #......
....... ....+. .# ..!#
.§#§. . . ###§§b .###.#
.. ##..§§§ ..#.#.. .. ..
......§##....#...... ..
#...(.♣##.#...#.... ..
#.........##....... ..
....♣...♣...#..#....
..... #.....>.....#.....
.... .# ....♣...♣...#..#
...#...
.##.........#...#
...#..#
....#.......#..##
.......##....##..#....##
........#.#..........#.#


You could see Gastronok the shard shrike.

Vanquished Creatures
  Josephine (D:10)
  The ghost of NOFUNALLOWED the Basher, a novice CeCK of Xom (D:10)
  3 two-headed ogres
  The ghost of CanOfBees the Ducker, a novice DsGl (D:6)
  3 deep elf magi (D:8)
  A cyclops (D:8)
  An ugly thing (D:7)
  A spiny frog (Lair:1)
  The ghost of sscrono2 the Cutter, a novice OpAs of Gozag (D:4)
  2 ice devils (D:11)
  A komodo dragon (D:10)
  A merfolk (D:11)
  Prince Ribbit (D:6)
  5 trolls
  Grinder (D:3)
  3 hippogriffs
  Sigmund (D:1)
  A shadow (D:11)
  5 wraiths
  A basilisk (D:8)
  A hungry ghost (D:11)
  Menkaure (D:6)
  An acid dragon (D:9)
  A water moccasin (D:8)
  A porcupine (Lair:1)
  5 orc warriors
  2 ice beasts
  4 sky beasts
  2 necrophages
  3 black bears
  A hornet zombie (D:8)
  An ogre (shapeshifter) (D:7)
  3 wolves (D:9)
  2 phantoms
  3 ogres
  6 centaurs
  A crocodile (D:9)
  8 bullfrogs
  A wyvern zombie (D:11)
  A troll zombie (D:11)
  A scorpion (D:7)
  15 killer bees
  5 wights
  4 howler monkeys
  6 electric eels
  3 bullfrog zombies
  10 crimson imps
  A centaur zombie (D:9)
  11 hounds
  2 jellies
  Crazy Yiuf (D:3)
  3 centaur skeletons
  6 orc priests
  A bullfrog skeleton (D:4)
  4 iguanas
  5 worker ants
  Natasha (thrice) (D:3)
  9 orc wizards
  A killer bee zombie (D:8)
  7 ogre zombies (D:11)
  2 worker ant zombies
  4 gnolls
  10 adders
  A shadow imp (D:5)
  3 oozes
  An adder skeleton (D:3)
  3 worms
  4 dart slugs
  2 leopard geckos (D:11)
  27 orcs
  3 bats
  7 giant cockroaches
  8 goblins
  4 hobgoblins
  8 jackals
  12 kobolds
  7 quokkas
  2 ball pythons (D:3)
  7 frilled lizards
  2 goblin skeletons (D:4)
  4 goblin zombies
  2 hobgoblin skeletons (D:11)
  7 hobgoblin zombies
  A jackal zombie (D:6)
  2 kobold skeletons (D:4)
  A kobold zombie (D:4)
  5 orc skeletons (D:11)
  14 orc zombies
  2 quokka skeletons
  2 quokka zombies
  6 rats
344 creatures vanquished.

Vanquished Creatures (collateral kills)
  A two-headed ogre (D:11)
  2 ogres
  2 killer bees (D:8)
  An electric eel (D:9)
  2 hounds (D:9)
  2 jackals (D:9)
10 creatures vanquished.

Grand Total: 354 creatures vanquished

Notes
Turn   | Place    | Note
-------+----------+-------------------------------------------
     0 | D:1      | cerealjynx the Demonspawn Chaos Knight began the quest for the Orb.
     0 | D:1      | Reached XP level 1. HP: 18/18 MP: 1/1
   154 | D:1      | Reached skill level 1 in Dodging
   252 | D:1      | Reached skill level 2 in Armour
   381 | D:1      | XOM: harmless Conj miscast
   484 | D:1      | Gained mutation: You have sharp fingernails. [demonic ancestry]
   484 | D:1      | Reached XP level 2. HP: 24/24 MP: 2/2
   551 | D:1      | XOM: divination: detect items
   664 | D:1      | XOM: divination: detect items
   690 | D:1      | Reached skill level 3 in Unarmed Combat
   716 | D:2      | Noticed Sigmund
   723 | D:2      | XOM: potion effect (curing)
   727 | D:2      | XOM: potion effect (might)
   729 | D:2      | XOM: blink monster(s)
   729 | D:2      | HP: 4/24 [Sigmund/scythe (4)]
   733 | D:1      | Killed Sigmund
   733 | D:1      | Reached skill level 5 in Unarmed Combat
   733 | D:1      | Reached XP level 3. HP: 6/29 MP: 3/3
   733 | D:1      | Reached XP level 4. HP: 7/35 MP: 4/4
   733 | D:1      | Gained mutation: You sometimes gain a little power by taking damage. [demonic ancestry]
   733 | D:1      | Reached XP level 5. HP: 8/41 MP: 5/5
   994 | D:2      | XOM: harmless Erth miscast
  1196 | D:2      | XOM: confuse monster(s)
  1322 | D:2      | Found a faded altar of an unknown god.
  1404 | D:2      | XOM: medium Summ miscast
  1405 | D:2      | Noticed a neqoxec
  1411 | D:2      | Gained mutation: You are dopey. (Int -2) [a neqoxec]
  1615 | D:2      | XOM: give mutations
  1615 | D:2      | Gained mutation: You are weak. (Str -2) [Xom's mischief]
  1615 | D:2      | Gained mutation: Your system is resistant to poisons. (rPois) [Xom's mischief]
  1615 | D:2      | Lost mutation: You are weak. (Str -2) [Xom's mischief]
  1877 | D:3      | Noticed Natasha
  1903 | D:3      | Killed Natasha
  2023 | D:3      | Gained mutation: When seriously injured, your bleeding wounds create armour. (AC +0) [demonic ancestry]
  2023 | D:3      | Reached XP level 6. HP: 40/47 MP: 6/6
  2046 | D:3      | Noticed Grinder
  2091 | D:3      | Killed Grinder
  2091 | D:3      | Reached skill level 6 in Unarmed Combat
  2120 | D:3      | Noticed Natasha
  2124 | D:3      | XOM: silly message
  2134 | D:3      | Killed Natasha
  2235 | D:3      | Gained mutation: You regenerate a little health from kills. [demonic ancestry]
  2235 | D:3      | Reached XP level 7. HP: 52/52 MP: 7/7
  2241 | D:3      | Noticed Natasha
  2248 | D:3      | Killed Natasha
  2248 | D:3      | Reached skill level 7 in Unarmed Combat
  2323 | D:3      | Found a runed door.
  2584 | D:3      | Noticed Crazy Yiuf
  2593 | D:3      | XOM: butterfly on damage
  2593 | D:3      | HP: 1/52 [Crazy Yiuf/quarterstaff of chaos (20)]
  2607 | D:3      | HP: 2/52 [Crazy Yiuf/quarterstaff of chaos (2)]
  2608 | D:3      | Killed Crazy Yiuf
  3005 | D:4      | Found a glowing golden altar of the Shining One.
  3051 | D:4      | XOM: blink monster(s)
  3067 | D:4      | XOM: smoke on damage
  3089 | D:4      | XOM: destruction
  3111 | D:4      | XOM: polymorph gnoll -> rat
  3123 | D:4      | HP: 11/52 [gnoll (6)]
  3469 | D:4      | XOM: blink monster(s)
  3484 | D:4      | Reached skill level 2 in Dodging
  3517 | D:4      | Noticed sscrono2's ghost (novice OpAs)
  3520 | D:4      | XOM: swap monsters
  3524 | D:4      | XOM: summons friendly iron imp
  3678 | D:4      | Found a glowing golden altar of the Shining One.
  3691 | D:4      | XOM: summons friendly white imp
  3722 | D:4      | XOM: fog
  3724 | D:4      | Killed sscrono2's ghost
  3724 | D:4      | Reached skill level 4 in Fighting
  3724 | D:4      | Reached XP level 8. HP: 47/60 MP: 8/8
  4088 | D:5      | Entered Level 5 of the Dungeon
  4100 | D:4      | Reached skill level 3 in Armour
  4151 | D:5      | Reached skill level 8 in Unarmed Combat
  4192 | D:5      | XOM: scenery: 1 doors close
  4398 | D:5      | Got a twisted spear
  4402 | D:5      | Found a shattered altar of Ashenzari.
  4468 | D:5      | Found a staircase to the Ecumenical Temple.
  4510 | D:5      | Reached skill level 3 in Dodging
  4596 | D:5      | XOM: god gift: scroll labeled BOL PYDYTAPLA {god gift}
  4747 | D:5      | Got a transparent quarterstaff
  4921 | D:6      | XOM: god gift: runed arbalest {god gift}
  4934 | D:6      | XOM: 1-stop teleportation journey
  5058 | D:6      | Noticed Menkaure
  5059 | D:6      | Noticed CanOfBees's ghost (novice DsGl)
  5079 | D:6      | Killed Menkaure
  5079 | D:6      | Reached skill level 5 in Fighting
  5080 | D:6      | XOM: 1-stop teleportation journey
  5130 | D:6      | Noticed Prince Ribbit
  5155 | D:6      | Killed Prince Ribbit
  5155 | D:6      | Reached skill level 4 in Armour
  5155 | D:6      | Reached XP level 9. HP: 44/68 MP: 9/9
  5172 | D:6      | XOM: 2-stop teleportation journey
  5198 | D:6      | XOM: cloud trail
  5273 | D:6      | XOM: fog
  5284 | D:6      | XOM: divination: detect creatures
  5285 | D:6      | XOM: scenery: create altars
  5296 | D:6      | Killed CanOfBees's ghost
  5296 | D:6      | Reached skill level 4 in Dodging
  5296 | D:6      | Reached skill level 9 in Unarmed Combat
  5388 | D:6      | XOM: confuse monster(s)
  5701 | D:7      | XOM: scenery: 1 doors close
  5774 | D:7      | XOM: god gift: wand of scattershot (?/9) {god gift}
  6013 | D:7      | XOM: god gift: phial of floods
  6014 | D:7      | XOM: god gift: bread ration
  6015 | D:7      | XOM: smoke on damage
  6152 | D:7      | Noticed a two-headed ogre
  6165 | D:7      | XOM: enchant monster (good)
  6169 | D:7      | Killed a two-headed ogre
  6169 | D:7      | Reached skill level 6 in Fighting
  6169 | D:7      | Reached skill level 5 in Armour
  6169 | D:7      | Reached skill level 5 in Dodging
  6169 | D:7      | Reached skill level 10 in Unarmed Combat
  6178 | D:7      | XOM: cleaving
  6181 | D:7      | XOM: divination: detect items
  6220 | D:7      | XOM: summons 5 friendly demons
  6224 | D:7      | HP: 16/70 [electric eel/bolt of electricity (7)]
  6224 | D:7      | XOM: smoke on damage
  6227 | D:7      | XOM: smoke on damage
  6273 | D:7      | You fall through a shaft for 3 floors!
  6273 | D:10     | Entered Level 10 of the Dungeon
  6428 | D:10     | Got a slimy ivory ring
  6431 | D:10     | Found Koitwob's Armour Emporium.
  6454 | D:9      | XOM: cast spell 'Leda's Liquefaction'
  6502 | D:9      | XOM: polymorph orc warrior -> iguana
  6533 | D:9      | XOM: divination: detect creatures
  6537 | D:9      | XOM: noise
  6541 | D:9      | Reached XP level 10. HP: 38/77 MP: 10/10
  6758 | D:9      | XOM: medium Necr miscast
  6784 | D:9      | XOM: summons friendly ufetubus
  6785 | D:9      | XOM: cast spell 'Death Channel'
  6791 | D:9      | XOM: polymorph ufetubus -> white imp
  6878 | D:9      | XOM: harmless Tmut miscast
  6952 | D:9      | Noticed a naga warrior
  6960 | D:9      | Found a large runed door.
  7030 | D:9      | Found a large runed door.
  7062 | D:9      | Found a flagged portal.
  7071 | Bailey   | Entered a bailey
  7080 | Bailey   | XOM: polymorph orc warrior -> acid dragon
  7203 | D:9      | XOM: summons 5 hostile demons
  7223 | D:9      | XOM: noise
  7302 | D:9      | Found a staircase to the Lair.
  7322 | D:9      | XOM: summons 6 friendly demons
  7357 | D:9      | XOM: silly message
  7557 | D:9      | XOM: harmless Tmut miscast
  7645 | D:9      | XOM: medium Necr miscast
  7653 | D:9      | XOM: smoke on damage
  7713 | D:9      | Reached skill level 6 in Armour
  7720 | D:9      | Reached skill level 7 in Fighting
  7771 | D:9      | XOM: 3-stop teleportation journey
  8032 | D:9      | XOM: give mutations
  8032 | D:9      | Gained mutation: You passively map a small area around you. [Xom's mischief]
  8032 | D:9      | Lost mutation: You are dopey. (Int -2) [Xom's mischief]
  8032 | D:9      | Gained mutation: You are agile. (Dex +2) [Xom's mischief]
  8032 | D:9      | Lost mutation: You passively map a small area around you. [Xom's mischief]
  8170 | D:8      | XOM: confusion (+ monsters)
  8189 | D:8      | XOM: silly message
  8239 | D:8      | XOM: mild Tmut miscast
  8275 | D:8      | Noticed a deep elf mage
  8282 | D:8      | Noticed a deep elf mage
  8284 | D:8      | Noticed a deep elf mage
  8284 | D:8      | Killed a deep elf mage
  8284 | D:8      | Reached skill level 6 in Dodging
  8285 | D:8      | Killed a deep elf mage
  8289 | D:8      | Killed a deep elf mage
  8289 | D:8      | Reached skill level 11 in Unarmed Combat
  8304 | D:8      | Got an ebony whip {venom}
  8344 | D:8      | XOM: 2-stop teleportation journey
  8883 | D:8      | Noticed a cyclops
  8887 | D:8      | XOM: enchant monster (bad)
  8894 | D:8      | XOM: 2-stop teleportation journey
  9054 | D:8      | XOM: harmless Erth miscast
  9105 | D:8      | Lost mutation: You are agile. (Dex +2) [potion of mutation]
  9105 | D:8      | Lost mutation: Your system is resistant to poisons. (rPois) [potion of mutation]
  9105 | D:8      | Gained mutation: Armour fits poorly on your strangely shaped body. [potion of mutation]
  9105 | D:8      | Gained mutation: Your muscles are strong. (Str +2) [potion of mutation]
  9127 | D:8      | Gained mutation: You have very sharp fingernails. [demonic ancestry]
  9127 | D:8      | Reached XP level 11. HP: 60/85 MP: 11/11
  9142 | D:8      | XOM: stat loss: -1 Int (12/13)
  9196 | D:8      | XOM: noise
  9209 | D:8      | XOM: silly message
  9221 | D:8      | XOM: divination: magic mapping
  9268 | D:8      | XOM: medium Tmut miscast
  9548 | D:8      | XOM: enchant monster (bad)
  9724 | D:8      | XOM: cloud trail
  9836 | D:7      | Noticed a red ugly thing
  9838 | D:7      | XOM: enchant monster (bad)
  9845 | D:7      | Killed a red ugly thing
  9851 | D:7      | Lost mutation: Your muscles are strong. (Str +2) [mutagenic meat]
  9852 | D:7      | Gained mutation: Your magical capacity is low. (-10% MP) [mutagenic meat]
  9854 | D:7      | Gained mutation: Your magical capacity is very low. (-20% MP) [mutagenic meat]
 10013 | D:7      | XOM: scenery: 1 doors open
 10174 | D:7      | Found a blossoming altar of Fedhas.
 10178 | D:7      | XOM: polymorph iguana -> ogre
 10319 | D:8      | Reached skill level 8 in Fighting
 10442 | D:9      | XOM: enchant monster (good)
 10487 | D:9      | Identified the ring "Effam" {*Drain rF+ rN+ Str+4} (You found it on level 10 of the Dungeon)
 10518 | D:10     | Noticed NOFUNALLOWED's ghost (novice CeCK)
 10581 | D:9      | Reached skill level 7 in Armour
 10755 | D:10     | XOM: god gift: 25 sling bullets
 10866 | D:10     | Killed NOFUNALLOWED's ghost
 10866 | D:10     | Reached skill level 7 in Dodging
 10917 | D:10     | XOM: 1-stop teleportation journey
 11216 | D:10     | Noticed Josephine
 11217 | D:10     | XOM: 2-stop teleportation journey
 11305 | D:10     | XOM: fog
 11335 | D:10     | XOM: scenery: create altars
 11393 | D:10     | Killed Josephine
 11393 | D:10     | Reached skill level 12 in Unarmed Combat
 11408 | D:10     | HP: 18/87 [wraith[Josephine] (7)]
 11413 | D:10     | HP: 29/130 [wraith[Josephine] (4)]
 11547 | D:11     | XOM: stealth player
 11547 | D:11     | Found Quinan's Weapon Boutique.
 11588 | D:11     | Gained mutation: You are dopey. (Int -2) [mutagenic meat]
 11589 | D:11     | Lost mutation: Armour fits poorly on your strangely shaped body. [mutagenic meat]
 11590 | D:11     | Gained mutation: Scrolls take you a little longer to read. [mutagenic meat]
 11591 | D:11     | Gained mutation: You have a beak for a mouth. [mutagenic meat]
 11592 | D:11     | Gained mutation: You occasionally shout uncontrollably at your foes. [mutagenic meat]
 11806 | D:11     | Noticed a two-headed ogre
 11809 | D:11     | XOM: god gift: wand of clouds (?/9) {god gift}
 11811 | D:11     | Noticed a two-headed ogre
 11812 | D:11     | Noticed a two-headed ogre
 11816 | D:11     | Killed a two-headed ogre
 11816 | D:11     | Reached skill level 9 in Fighting
 11821 | D:11     | XOM: god gift: wand of scattershot (?/9) {god gift}
 11825 | D:11     | XOM: enchant monster (good)
 11848 | D:11     | Killed a two-headed ogre
 11853 | D:11     | XOM: fake destruction
 11857 | D:11     | XOM: summons friendly rust devil
 11865 | D:11     | Killed a two-headed ogre
 11865 | D:11     | Reached XP level 12. HP: 44/95 MP: 9/9
 12113 | D:11     | XOM: give mutation
 12113 | D:11     | Gained mutation: Your muscles are strong. (Str +2) [Xom's grace]
 12139 | D:11     | XOM: fog
 12167 | D:11     | XOM: smoke on damage
 12235 | D:11     | Found a staircase to the Orcish Mines.
 12291 | D:11     | XOM: divination: magic mapping
 12298 | D:11     | XOM: silly message
 12547 | D:11     | XOM: god gift: 8 javelins of penetration
 13098 | Lair:1   | Entered Level 1 of the Lair of Beasts
 13134 | Lair:1   | Reached skill level 8 in Dodging
 13149 | Lair:1   | XOM: smoke on damage
 13205 | Lair:1   | Noticed Gastronok
 13220 | Lair:1   | Noticed Gastronok
 13220 | Lair:1   | Gastronok changed into Gastronok the shard shrike
 13220 | Lair:1   | XOM: polymorph Gastronok -> Gastronok the shard shrike
 13223 | Lair:1   | HP: 11/96 [Gastronok the shard shrike (43)]
 13493 | Lair:1   | HP: 26/144 [Gastronok the shard shrike (54)]
 13495 | Lair:1   | Xom revived you
 13499 | Lair:1   | HP: 10/144 [Gastronok the shard shrike/shard of ice (27)]
 13501 | Lair:1   | Killed from afar by Gastronok the shard shrike

Vault maps used:
D:1:      mrwooster_arrival_arrow
D:2:      chequers_ecumenical_altar_simple, uniq_sigmund
D:3:      uniq_crazy_yiuf_cottage, uniq_grinder, uniq_natasha
D:4:      lemuel_round_altar, first_bread, nicolae_tso_besieged_by_evil
D:5:      minmay_temple_entry_glassed_door, basic_altar
D:6:      uniq_prince_ribbit1, uniq_menkaure
D:7:      kennysheep_big_flooded_room, fedhas_altar_fruit_tree
D:8:      minmay_the_grid_plus_closed
D:9:      okawaru_arena_lexackson, erik_lair_island, enter_bailey_7
D:10:     serial_shops, shop, uniq_josephine
D:11:     zombieorc2_lemuel, serial_shops, shop, portal_ice_cave_demonic_guard,
          hangedman_fish_farm
Lair:1:   grunt_megastairs_2, uniq_gastronok
Bailey:   bailey_polearm_2, bailey

Skill      XL: |  1  2  3  4  5  6  7  8  9 10 11 12 |
---------------+-------------------------------------+-----
Dodging        | 1 2 3 5 6 7 8 |  8.0
Armour         | 2 4 5 6 7 |  7.9
Unarmed Combat | 5 6 7 8 10 11 12 | 12.7
Fighting       | 4 5 6 7 9 |  9.4

Action                   |  1- 3 |  4- 6 |  7- 9 | 10-12 || total
-------------------------+-------+-------+-------+-------++-------
Melee: Unarmed           |    41 |   139 |   434 |   904 ||  1518
       Punch             |     2 |     6 |    13 |    35 ||    56
       Peck              |       |       |       |    74 ||    74
Throw: Stone             |    34 |    88 |   182 |   298 ||   602
       Tomahawk          |       |       |    20 |    14 ||    34
Evoke: Wand              |       |     1 |     7 |    13 ||    21
       Phial of floods   |       |       |     1 |     1 ||     2
  Use: Scroll            |       |       |     9 |    10 ||    19
       Potion            |       |       |     1 |    11 ||    12
 Stab: Confused          |       |     1 |       |     1 ||     2
       Paralysed         |       |     8 |     5 |       ||    13
       Distracted        |       |       |     2 |     1 ||     3
       Invisible         |       |       |       |     6 ||     6
  Eat: Chunk             |       |     4 |    14 |    27 ||    45
       Fruit             |       |       |       |     5 ||     5
       Royal jelly       |       |       |       |     1 ||     1
Armor: Ring mail         |     5 |    54 |    42 |       ||   101
       Leather armour    |     1 |       |       |       ||     1
       Plate armour      |       |       |   162 |   619 ||   781
       Skin              |       |       |       |    22 ||    22
Dodge: Dodged            |    14 |    58 |   135 |   346 ||   553

Vault maps used:
D:1:      mrwooster_arrival_arrow
D:2:      chequers_ecumenical_altar_simple, uniq_sigmund
D:3:      uniq_crazy_yiuf_cottage, uniq_grinder, uniq_natasha
D:4:      lemuel_round_altar, first_bread, nicolae_tso_besieged_by_evil
D:5:      minmay_temple_entry_glassed_door, basic_altar
D:6:      uniq_prince_ribbit1, uniq_menkaure
D:7:      kennysheep_big_flooded_room, fedhas_altar_fruit_tree
D:8:      minmay_the_grid_plus_closed
D:9:      okawaru_arena_lexackson, erik_lair_island, enter_bailey_7
D:10:     serial_shops, shop, uniq_josephine
D:11:     zombieorc2_lemuel, serial_shops, shop, portal_ice_cave_demonic_guard,
          hangedman_fish_farm
Lair:1:   grunt_megastairs_2, uniq_gastronok
Bailey:   bailey_polearm_2, bailey

Table legend:
 A = Turns spent in this place as a percentage of turns spent in the entire game.
 B = Non-inter-level travel turns spent in this place as a percentage of non-inter-level travel turns spent in the entire game.
 C = Inter-level travel turns spent in this place as a percentage of turns spent in this place.
 D = Turns resting spent in this place as a percentage of non-inter-level travel turns spent in this place.
 E = Turns spent auto-exploring this place as a percentage of non-inter-level travel turns spent in this place.
 F = Non-inter-level travel turns spent in this place divided by the number of levels of this place that you've seen.
                   A       B       C       D       E      F
               +-------+-------+-------+-------+-------+----------------------
         Total | 100.0 | 100.0 |   0.6 |   2.3 |  11.7 | 361.4
       Dungeon |  96.8 |  96.8 |   0.7 |   2.1 |  11.9 | 413.5
          Lair |   2.5 |   2.5 |   0.0 |   9.3 |   8.5 | 118.0
        Bailey |   0.7 |   0.7 |   0.0 |   0.0 |   3.2 |  31.0
               +-------+-------+-------+-------+-------+----------------------

Table legend:
 A = Kills in this place as a percentage of kills in entire the game.
 B = Kills by you in this place as a percentage of kills by you in the entire game.
 C = Kills by friends in this place as a percentage of kills by friends in the entire game.
 D = Other kills in this place as a percentage of other kills in the entire game.
 E = Experience gained in this place as a percentage of experience gained in the entire game.
 F = Experience gained in this place divided by the number of levels of this place that you have seen.
                   A       B       C       D       E      F
               +-------+-------+-------+-------+-------+----------------------
         Total | 100.0 | 100.0 | 100.0 | 100.0 | 100.0 | 1972.8
       Dungeon |  99.2 |  99.1 | 100.0 | 100.0 |  97.5 | 2272.9
          Lair |   0.8 |   0.9 |   0.0 |   0.0 |   2.5 | 644.0
               +-------+-------+-------+-------+-------+----------------------
